TOP OF THE 1ST |
Seattle Pikes batting - Pitching for Springfield Stars : LHP José López
|
Pitching: LHP José López
|
|
Batting: RHB Randy Sheppard
|
0-0: Called Strike 0-1: Called Strike 0-2: Strikes out swinging
|
Batting: RHB Wallace Greene
|
0-0: Ground out 5-3 (Groundball, 56)
|
Batting: RHB António Ortega
|
0-0: Swinging Strike 0-1: Swinging Strike 0-2: Strikes out swinging
|
Top of the 1st over - 0 run(s), 0 hit(s), 0 error(s), 0 left on base; Seattle 0 - Springfield 0 |
BOTTOM OF THE 1ST |
Springfield Stars batting - Pitching for Seattle Pikes : RHP António Rijo
|
Pitching: RHP António Rijo
|
|
Batting: SHB Shane Hutchinson
|
0-0: Called Strike 0-1: Ball 1-1: Foul Ball, location: 2F 1-2: Ball 2-2: Ball 3-2: Base on Balls
|
Batting: RHB Calvin Bennett
|
0-0: Ball 1-0: Ball 2-0: Fielders Choice at 2nd, 1-6 (Groundball, 13S)
|
Batting: LHB Derek Davidson
|
0-0: Ball Calvin Bennett steals 2nd base 1-0: Foul Ball, location: 2F 1-1: Called Strike 1-2: Foul Ball, location: 2F 1-2: SINGLE (Line Drive, 34D) Calvin Bennett to third Runner from 3rd tries for Home, SAFE, no throw or cutoff
|
Batting: LHB Felipe Guerrero
|
0-0: Ball 1-0: Called Strike 1-1: Foul Ball, location: 2F 1-2: Foul Ball, location: 2F 1-2: Ball 2-2: SINGLE (Line Drive, 4M) Derek Davidson to second Runner from 2nd tries for 3rd, SAFE, no throw or cutoff
|
Batting: LHB Elliott Newell
|
0-0: Called Strike 0-1: Ball 1-1: Ball 2-1: Ball 3-1: Called Strike 3-2: Foul Ball, location: 2F 3-2: Fly out, F8 (Flyball, 8LM) 3-2: Fly out, F8 (Flyball, 8LM)
|
Batting: RHB Juan Carlos Rodríguez
|
0-0: SINGLE (Flyball, 9LS) Derek Davidson scores Felipe Guerrero to second Runner from 2nd tries for 3rd, SAFE, no throw or cutoff
|
Batting: RHB Norberto Taváres
|
0-0: Called Strike 0-1: Ball 1-1: Foul Ball, location: 2F 1-2: Ground out 6-3 (Groundball, 6D)
|
Bottom of the 1st over - 2 run(s), 3 hit(s), 0 error(s), 2 left on base; Seattle 0 - Springfield 2 |
TOP OF THE 2ND |
Seattle Pikes batting - Pitching for Springfield Stars : LHP José López
|
Batting: RHB Alfredo Rivera
|
0-0: Hit by Pitch
|
Batting: RHB Manuel Rico
|
0-0: Swinging Strike 0-1: Foul Ball, location: 2F 0-2: Ball 1-2: Fly out, F6 (Popup, 6)
|
Batting: LHB Chad Weaver
|
0-0: Ball 1-0: Ball 2-0: Called Strike 2-1: Foul Ball, location: 2F 2-2: Ball 3-2: Strikes out swinging Alfredo Rivera is caught stealing 2nd base Batter strikes out.
|
Top of the 2nd over - 0 run(s), 0 hit(s), 0 error(s), 0 left on base; Seattle 0 - Springfield 2 |
BOTTOM OF THE 2ND |
Springfield Stars batting - Pitching for Seattle Pikes : RHP António Rijo
|
Batting: RHB Bryan Sandstrom
|
0-0: Ball 1-0: Ground out 5-3 (Groundball, 5)
|
Batting: LHB Jesús Tobías
|
0-0: Ball 1-0: Called Strike 1-1: Ground out U3 (Groundball, 3)
|
Batting: SHB Shane Hutchinson
|
0-0: Foul Ball, location: 2F 0-1: Swinging Strike 0-2: Ball 1-2: Ball 2-2: Foul Ball, location: 2F 2-2: Ball 3-2: Base on Balls
|
Batting: RHB Calvin Bennett
|
0-0: Foul Ball, location: 2F 0-1: TRIPLE (Flyball, 89XD) Shane Hutchinson scores
|
Batting: LHB Derek Davidson
|
0-0: Ball 1-0: Foul Ball, location: 2F 1-1: Ground out 4-3 (Groundball, 4)
|
Bottom of the 2nd over - 1 run(s), 1 hit(s), 0 error(s), 1 left on base; Seattle 0 - Springfield 3 |
TOP OF THE 3RD |
Seattle Pikes batting - Pitching for Springfield Stars : LHP José López
|
Batting: RHB Iván Gonzáles
|
0-0: DOUBLE (Flyball, 9LS)
|
Batting: SHB António Hernández
|
0-0: Fly out, F4 (Line Drive, 4M)
|
Batting: LHB Keith Tillman
|
0-0: Foul Ball, location: 2F 0-1: Foul Ball, location: 2F 0-2: Ball 1-2: Strikes out swinging
|
Batting: RHB Randy Sheppard
|
0-0: Ball 1-0: SINGLE (Line Drive, 78S) Iván Gonzáles to third
|
Batting: RHB Wallace Greene
|
0-0: Ball 1-0: Ball 2-0: Called Strike 2-1: Fly out, F8 (Flyball, 8RD)
|
Top of the 3rd over - 0 run(s), 2 hit(s), 0 error(s), 2 left on base; Seattle 0 - Springfield 3 |
BOTTOM OF THE 3RD |
Springfield Stars batting - Pitching for Seattle Pikes : RHP António Rijo
|
Batting: LHB Felipe Guerrero
|
0-0: Ball 1-0: Ball 2-0: Fly out, F7 (Popup, 8LS)
|
Batting: LHB Elliott Newell
|
0-0: Ball 1-0: Ball 2-0: Ball 3-0: Called Strike 3-1: Swinging Strike 3-2: Foul Ball, location: 2F 3-2: SINGLE (Groundball, 4MD) (infield hit)
|
Batting: RHB Juan Carlos Rodríguez
|
0-0: Fly out, F7 (Flyball, 7D)
|
Batting: RHB Norberto Taváres
|
0-0: Foul Ball, location: 2F 0-1: Ball 1-1: Ball 2-1: Foul Ball, location: 2F 2-2: Foul Ball, location: 2F 2-2: Fielders Choice at 2nd, 5-4 (Groundball, 56)
|
Bottom of the 3rd over - 0 run(s), 1 hit(s), 0 error(s), 0 left on base; Seattle 0 - Springfield 3 |
TOP OF THE 4TH |
Seattle Pikes batting - Pitching for Springfield Stars : LHP José López
|
Batting: RHB António Ortega
|
0-0: Called Strike 0-1: Foul Ball, location: 2F 0-2: Ball 1-2: Ball 2-2: Ground out 5-3 (Groundball, 56)
|
Batting: RHB Alfredo Rivera
|
0-0: Ball 1-0: Ball 2-0: Ball 3-0: Called Strike 3-1: Base on Balls
|
Batting: RHB Manuel Rico
|
0-0: Ball 1-0: Ball 2-0: Ball 3-0: Called Strike 3-1: Base on Balls Alfredo Rivera to second
|
Batting: LHB Chad Weaver
|
0-0: Ball 1-0: Foul Ball, location: 2F 1-1: Swinging Strike 1-2: Ball 2-2: Ball 3-2: Fly out, F7 (Flyball, 78XD) Runner from 2nd tags up, SAFE at 3rd, no throw
|
Batting: RHB Iván Gonzáles
|
0-0: Ball 1-0: Called Strike 1-1: Ball 2-1: Foul Ball, location: 2F 2-2: Strikes out swinging
|
Top of the 4th over - 0 run(s), 0 hit(s), 0 error(s), 2 left on base; Seattle 0 - Springfield 3 |
BOTTOM OF THE 4TH |
Springfield Stars batting - Pitching for Seattle Pikes : RHP António Rijo
|
Batting: RHB Bryan Sandstrom
|
0-0: Called Strike 0-1: Ball 1-1: Ball 2-1: Ball 3-1: Foul Ball, location: 2F 3-2: Strikes out swinging
|
Batting: LHB Jesús Tobías
|
0-0: Foul Ball, location: 2F 0-1: Ball 1-1: Ball 2-1: Foul Ball, location: 2F 2-2: Foul Ball, location: 2F 2-2: Ball 3-2: Base on Balls
|
Batting: SHB Shane Hutchinson
|
0-0: Ball 1-0: Ball 2-0: Fly out, F7 (Flyball, 78M)
|
Batting: RHB Calvin Bennett
|
0-0: Ball 1-0: Foul Ball, location: 2F 1-1: Ball 2-1: Foul Ball, location: 2F 2-2: Ground out 5-3 (Groundball, 56)
|
Bottom of the 4th over - 0 run(s), 0 hit(s), 0 error(s), 1 left on base; Seattle 0 - Springfield 3 |
TOP OF THE 5TH |
Seattle Pikes batting - Pitching for Springfield Stars : LHP José López
|
Batting: SHB António Hernández
|
0-0: Called Strike 0-1: Ball 1-1: Ball 2-1: Ground out U3 (Groundball, 3S)
|
Batting: LHB Keith Tillman
|
0-0: Ball 1-0: Fly out, F9 (Line Drive, 89S)
|
Batting: RHB Randy Sheppard
|
0-0: Ball 1-0: Ground out 5-3 (Groundball, 5)
|
Top of the 5th over - 0 run(s), 0 hit(s), 0 error(s), 0 left on base; Seattle 0 - Springfield 3 |
BOTTOM OF THE 5TH |
Springfield Stars batting - Pitching for Seattle Pikes : RHP António Rijo
|
Batting: LHB Derek Davidson
|
0-0: Foul Ball, location: 2F 0-1: Ball 1-1: Fly out, F9 (Flyball, 89M)
|
Batting: LHB Felipe Guerrero
|
0-0: Ball 1-0: Ball 2-0: Ground out 4-3 (Groundball, 4)
|
Batting: LHB Elliott Newell
|
0-0: Ball 1-0: Foul Ball, location: 2F 1-1: Ball 2-1: Called Strike 2-2: Ball 3-2: Base on Balls
|
Batting: RHB Juan Carlos Rodríguez
|
0-0: Called Strike 0-1: Ball 1-1: Swinging Strike 1-2: Strikes out swinging
|
Bottom of the 5th over - 0 run(s), 0 hit(s), 0 error(s), 1 left on base; Seattle 0 - Springfield 3 |
TOP OF THE 6TH |
Seattle Pikes batting - Pitching for Springfield Stars : LHP José López
|
Batting: RHB Wallace Greene
|
0-0: Ground out 5-3 (Groundball, 5S)
|
Batting: RHB António Ortega
|
0-0: Swinging Strike 0-1: Foul Ball, location: 2F 0-2: Ball 1-2: Strikes out swinging
|
Batting: RHB Alfredo Rivera
|
0-0: Called Strike 0-1: Ground out 5-3 (Groundball, 5L)
|
Top of the 6th over - 0 run(s), 0 hit(s), 0 error(s), 0 left on base; Seattle 0 - Springfield 3 |
BOTTOM OF THE 6TH |
Springfield Stars batting - Pitching for Seattle Pikes : RHP António Rijo
|
Pitching: RHP Orlando Ojeda
|
|
Batting: RHB Norberto Taváres
|
0-0: Ball 1-0: SINGLE (Line Drive, 56)
|
Batting: RHB Bryan Sandstrom
|
0-0: Called Strike 0-1: Ball Norberto Taváres is caught stealing 2nd base 1-1: Called Strike 1-2: Ball 2-2: Foul Ball, location: 2F 2-2: Ball 3-2: Strikes out swinging
|
Batting: LHB Jesús Tobías
|
0-0: Fly out, F8 (Flyball, 8RM)
|
Bottom of the 6th over - 0 run(s), 1 hit(s), 0 error(s), 0 left on base; Seattle 0 - Springfield 3 |
TOP OF THE 7TH |
Seattle Pikes batting - Pitching for Springfield Stars : LHP José López
|
Batting: RHB Manuel Rico
|
0-0: Ball 1-0: Foul Ball, location: 2F 1-1: Ball 2-1: Called Strike 2-2: SOLO HOME RUN (Flyball, 7LD), Distance : 382 ft
|
Batting: LHB Chad Weaver
|
0-0: Ball 1-0: Ball 2-0: Foul Ball, location: 2F 2-1: Ball 3-1: Base on Balls
|
Batting: RHB Iván Gonzáles
|
0-0: SINGLE (Line Drive, 78S) Chad Weaver to second
|
Pinch Hitting: RHB Tae-kwon Kwon
|
0-0: Ball 1-0: Sac Bunt - play at first, batter OUT! U3 Chad Weaver to third Iván Gonzáles to second
|
Batting: LHB Keith Tillman
|
0-0: Swinging Strike 0-1: Foul Ball, location: 2F 0-2: Ball 1-2: Ball 2-2: Strikes out looking
|
Batting: RHB Randy Sheppard
|
0-0: Called Strike 0-1: Foul Ball, location: 2F 0-2: DOUBLE (Line Drive, 7LM) Chad Weaver scores Iván Gonzáles scores
|
Batting: RHB Wallace Greene
|
0-0: Called Strike 0-1: Fly out, F9 (Flyball, 9M)
|
Top of the 7th over - 3 run(s), 3 hit(s), 0 error(s), 1 left on base; Seattle 3 - Springfield 3 |
BOTTOM OF THE 7TH |
Springfield Stars batting - Pitching for Seattle Pikes : RHP Orlando Ojeda
|
Now at 2B: Kazushige Aoki
|
|
Batting: SHB Shane Hutchinson
|
0-0: Foul Ball, location: 2F 0-1: Called Strike 0-2: Ball 1-2: Strikes out swinging
|
Batting: RHB Calvin Bennett
|
0-0: Ball 1-0: Called Strike 1-1: Ball 2-1: Ball 3-1: Foul Ball, location: 2F 3-2: SINGLE (Groundball, 34D)
|
Pitching: LHP António Alvarado
|
|
Batting: LHB Derek Davidson
|
0-0: Foul Ball, location: 2F 0-1: Ball 1-1: Ball 2-1: Ball 3-1: Called Strike 3-2: SINGLE (Groundball, 34D) (infield hit) Calvin Bennett to second
|
Batting: LHB Felipe Guerrero
|
0-0: Ball 1-0: Called Strike 1-1: TRIPLE (Line Drive, 9LS) Calvin Bennett scores Derek Davidson scores
|
Pitching: LHP Cristián Escobar
|
|
Batting: LHB Elliott Newell
|
0-0: Swinging Strike 0-1: Called Strike 0-2: Strikes out looking
|
Pitching: RHP Ernesto Beltrán
|
|
Batting: RHB Juan Carlos Rodríguez
|
0-0: Ball 1-0: Ball 2-0: Ball 3-0: Fly out, F8 (Flyball, 8RD)
|
Bottom of the 7th over - 2 run(s), 3 hit(s), 0 error(s), 1 left on base; Seattle 3 - Springfield 5 |
TOP OF THE 8TH |
Seattle Pikes batting - Pitching for Springfield Stars : LHP José López
|
Batting: RHB António Ortega
|
0-0: Ball 1-0: Ball 2-0: Fly out, F3 (Popup, 3S)
|
Batting: RHB Alfredo Rivera
|
0-0: Swinging Strike 0-1: Ball 1-1: Foul Ball, location: 2F 1-2: Ground out 5-3 (Groundball, 5S)
|
Batting: RHB Manuel Rico
|
0-0: Ball 1-0: Ball 2-0: Ball 3-0: Called Strike 3-1: Base on Balls
|
Pitching: RHP José Valdéz
|
|
Batting: LHB Chad Weaver
|
0-0: Ball 1-0: Ball 2-0: Swinging Strike 2-1: Called Strike 2-2: Foul Ball, location: 2F 2-2: Foul Ball, location: 2F 2-2: Ball 3-2: 2-RUN HOME RUN (Line Drive, 9D), Distance : 414 ft
|
Batting: RHB Iván Gonzáles
|
0-0: SINGLE (Line Drive, 89M)
|
Batting: RHB Kazushige Aoki
|
0-0: Ball 1-0: Ball 2-0: Ball 3-0: Called Strike 3-1: Base on Balls Iván Gonzáles to second
|
Batting: LHB Keith Tillman
|
0-0: Foul Ball, location: 2F 0-1: Ground out U3 (Groundball, 3S)
|
Top of the 8th over - 2 run(s), 2 hit(s), 0 error(s), 2 left on base; Seattle 5 - Springfield 5 |
BOTTOM OF THE 8TH |
Springfield Stars batting - Pitching for Seattle Pikes : RHP Ernesto Beltrán
|
Batting: RHB Norberto Taváres
|
0-0: Ball 1-0: Called Strike 1-1: Fly out, F9 (Flyball, 89M)
|
Pitching: RHP Jesús Mendoza
|
|
Batting: RHB Bryan Sandstrom
|
0-0: Fly out, F9 (Flyball, 9D)
|
Pitching: LHP Jerry Beck
|
|
Pinch Hitting: SHB Martín Medina
|
0-0: Called Strike 0-1: Ball 1-1: Swinging Strike 1-2: Ball 2-2: Ground out U3 (Groundball, 3S)
|
Bottom of the 8th over - 0 run(s), 0 hit(s), 0 error(s), 0 left on base; Seattle 5 - Springfield 5 |
TOP OF THE 9TH |
Seattle Pikes batting - Pitching for Springfield Stars : RHP José Valdéz
|
Now at 3B: David García
|
|
Batting: RHB Randy Sheppard
|
0-0: Ball 1-0: Foul Ball, location: 2F 1-1: Called Strike 1-2: Ball 2-2: Strikes out swinging
|
Batting: RHB Wallace Greene
|
0-0: Ground out 1-3 (Groundball, 23)
|
Batting: RHB António Ortega
|
0-0: Ball 1-0: Ball 2-0: Foul Ball, location: 2F 2-1: Foul Ball, location: 2F 2-2: Ball 3-2: Ground out 5-3 (Groundball, 15S)
|
Top of the 9th over - 0 run(s), 0 hit(s), 0 error(s), 0 left on base; Seattle 5 - Springfield 5 |
BOTTOM OF THE 9TH |
Springfield Stars batting - Pitching for Seattle Pikes : LHP Jerry Beck
|
Pitching: LHP Manny Sandoval
|
|
Batting: SHB Shane Hutchinson
|
0-0: Ball 1-0: Ball 2-0: Called Strike 2-1: Ball 3-1: Called Strike 3-2: Strikes out swinging
|
Batting: RHB Calvin Bennett
|
0-0: Foul Ball, location: 2F 0-1: Ball 1-1: DOUBLE (Flyball, 8LXD)
|
Batting: LHB Derek Davidson
|
0-0: Swinging Strike 0-1: Called Strike 0-2: Ball 1-2: Ball 2-2: Strikes out swinging
|
Batting: LHB Felipe Guerrero
|
0-0: DOUBLE (Line Drive, 5L) Calvin Bennett scores
|
Monday, December 5th, 2016 - OOTP Baseball 17.12 Build 75
|
|